 Dungeon Crawl Stone Soup version 0.29.1-1-gd02db6906a (webtiles) character file.

Game seed: 9099722411372246353

3098 safid the Marksminotaur (level 9, -9/69 HPs)
             Began as a Minotaur Hunter on Oct 12, 2022.
             Mangled by Menkaure (18 damage)
             ... on level 7 of the Dungeon.
             The game lasted 00:14:55 (7990 turns).

safid the Marksminotaur (Minotaur Hunter)           Turns: 7990, Time: 00:14:55

Health: -9/69      AC:  5    Str: 19    XL:     9   Next: 59%
Magic:  8/8        EV: 12    Int:  6    God:
Gold:   129        SH:  0    Dex: 19    Spells: 8/8 levels left

rFire   . . .      SeeInvis +   a - +0 shortbow
rCold   + . .      Faith    .   (shield currently unavailable)
rNeg    . . .      Spirit   .   c - +0 leather armour
rPois   +          Reflect  .   (helmet restricted)
rElec   .          Harm     .   B - +0 cloak
rCorr   +          Rampage  .   (no gloves)
Will    .....                   e - +0 pair of boots
Stlth   ++........              (no amulet)
HPRegen 0.21/turn               q - ring of see invisible
MPRegen 0.11/turn               J - ring of Neorghene {rPois rC+ Will- rCorr Str+4}

@: no status effects
A: horns 2, retaliatory headbutt
a: no special abilities


You were on level 7 of the Dungeon.
You visited 1 branch of the dungeon, and saw 7 of its levels.
You also visited: Sewer.

You collected 389 gold pieces.
You spent 260 gold pieces at shops.

Inventory:

Hand Weapons
 a - a +0 shortbow (weapon)
Armour
 c - a +0 leather armour (worn)
 e - a +0 pair of boots (worn)
 B - a +0 cloak (worn)
Jewellery
 q - a ring of see invisible (left hand)
 J - the ring of Neorghene (right hand) {rPois rC+ Will- rCorr Str+4}
   (You took it off a kobold on level 7 of the Dungeon)

   [ring of protection from cold]

   Str:       It affects your strength (+4).
   rC:        It protects you from cold.
   rPois:     It protects you from poison.
   rCorr:     It protects you from acid and corrosion.
   Will:      It decreases your willpower.
Wands
 n - a wand of paralysis (7)
 r - a wand of acid (5)
 z - a wand of flame (8)
 F - a wand of roots (20)
Scrolls
 b - 3 scrolls of immolation
 d - 2 scrolls of enchant weapon
 g - a scroll of brand weapon {unknown}
 i - 4 scrolls of teleportation
 k - 3 scrolls of vulnerability
 l - 6 scrolls of blinking
 o - 3 scrolls of butterflies
 p - a scroll of amnesia {unknown}
 w - a scroll of silence {unknown}
 y - a scroll of poison
 D - a scroll of enchant armour {unknown}
 E - a scroll of torment {unknown}
 H - a scroll of fear {unknown}
Potions
 f - a potion of magic {unknown}
 h - 2 potions of flight
 j - 3 potions of curing
 m - a potion of attraction {unknown}
 s - 2 potions of brilliance {unknown}
 t - a potion of mutation {unknown}
 u - a potion of berserk rage {unknown}
 x - a potion of lignification
 C - a potion of might {unknown}
 G - a potion of cancellation {unknown}
 I - a potion of haste {unknown}


   Skills:
 - Level 3.0 Fighting
 + Level 15.0 Ranged Weapons
 - Level 2.1 Dodging
 - Level 0.7 Stealth


You had 8 spell levels left.
You didn't know any spells.
Your spell library contained the following spells:

 Spells                   Type           Power      Damage    Failure   Level
 Ensorcelled Hibernation  Hex/Ice        0%         N/A       65%         2
 Conjure Flame            Conj/Fire      0%         6-21      87%         3
 Ignite Poison            Fire/Tmut/Pois 0%         N/A       87%         3
 Spider Form              Tmut/Pois      0%         N/A       87%         3
 Anguish                  Hex/Necr       0%         N/A       99%         4
 Sticky Flame             Conj/Fire      0%         2d3       99%         4


Dungeon Overview and Level Annotations

Branches:
Dungeon (7/15)              Sewer (visited)
 Temple: D:4-7

Altars:
Hepliaklqana
Nemelex Xobeh
Ru
Yredelemnul

Shops:
D:1 !

Annotations:
D:5 1 runed translucent door, Crazy Yiuf
D:6 1 runed translucent door, TheGhostDragon952's ghost, amateur MiFi
D:7 3 runed translucent doors, Menkaure


Innate Abilities, Weirdness & Mutations

You have a pair of horns on your head.
You reflexively headbutt those who attack you in melee.


Message History

Press: ? - help, Q - select action, (/) - cycle Dir - look around, f - activate Look: Menkaure (heavily damaged)
You shoot an arrow.
You hear a shout!
An orc comes into view. It is wielding a +0 dagger.
The orc priest invokes the aid of Beogh against you.
Beogh smites you!
* * * LOW HITPOINT WARNING * * *
Menkaure hits you but does no damage.
You hear a shout!
Non-targeted confused fire: a) +0 shortbow
Press: ? - help, Q - select action, (/) - cycle Dir - look around, f - activate Look: Menkaure (heavily damaged)
You shoot an arrow.
You hear a shout!
Unknown command.
Non-targeted confused fire: a) +0 shortbow
Press: ? - help, Q - select action, (/) - cycle Dir - look around, f - activate Look: Menkaure (heavily damaged)
You shoot an arrow. Menkaure hits you!
* * * LOW HITPOINT WARNING * * *
Non-targeted confused fire: a) +0 shortbow
Press: ? - help, Q - select action, (/) - cycle Dir - look around, f - activate Look: Menkaure (heavily damaged)
You shoot an arrow.
You feel less invigorated.
You feel less confused.
An orc comes into view. It is wielding a +0 hand axe.
Fire: a) +0 shortbow
Press: ? - help, Q - select action, (/) - cycle Shift-Dir - straight line, f - orc priest, p - Menkaure
Aim: an orc priest, wielding a +0 whip (69% to hit)
You shoot an arrow. The arrow hits Menkaure!
Menkaure is almost destroyed.
You feel less wooden.
Your +0 cloak unmelds from your body.
Your +0 pair of boots unmelds from your body.
Your +0 leather armour unmelds from your body.
Menkaure hits you!!
You die...

..##.##.##...#.#
..#.........##.###
..#.###<##.......
#.###.###.##.## #.
#............# ...
#...######.####
... #.. #.# ...
#.. #.# ++# .. #@#
... . #M# ###


oJo #..#. ##o... ##. ## o .. You could see Menkaure, a jelly, an orc priest and
3 orcs.

Vanquished Creatures
  Pikel (D:5)
  Sigmund (D:5)
  Duvessa (D:7)
  Edmund (D:5)
  An orc warrior (D:7)
  2 ice beasts
  2 black bears
  An ogre (D:5)
  A kobold brigand (D:7)
  A lemure (D:5)
  2 phantoms
  3 bullfrogs
  3 scorpions
  4 wights (D:7)
  Dowan (D:7)
  2 hounds (D:5)
  6 orc priests
  Ijyb (D:5)
  11 orc wizards
  An iguana (D:5)
  4 gnolls (D:6)
  16 adders
  A white imp (D:6)
  4 worms
  A dart slug (D:5)
  22 orcs
  5 endoplasms
  13 giant cockroaches
  4 goblins
  7 hobgoblins
  9 jackals
  6 kobolds
  10 quokkas
  11 ball pythons
  3 bats
  12 frilled lizards
  10 rats
184 creatures vanquished.

Notes
Turn   | Place    | Note
-------+----------+-------------------------------------------
     0 | D:1      | safid the Minotaur Hunter began the quest for the Orb.
     0 | D:1      | Reached XP level 1. HP: 18/18 MP: 0/0
   316 | D:1      | Reached XP level 2. HP: 25/25 MP: 1/1
   509 | D:1      | Found Loloim's Distillery.
   581 | D:2      | Reached skill level 5 in Ranged Weapons
   602 | D:2      | Reached XP level 3. HP: 23/31 MP: 2/2
   751 | D:2      | Found a faded altar of an unknown god.
   935 | D:2      | Reached skill level 6 in Ranged Weapons
   935 | D:2      | Reached XP level 4. HP: 33/38 MP: 3/3
  1436 | D:3      | Found a glowing drain.
  1634 | Sewer    | Entered a sewer
  1816 | Sewer    | Reached XP level 5. HP: 45/45 MP: 4/4
  1839 | Sewer    | Reached skill level 7 in Ranged Weapons
  2027 | Sewer    | Reached XP level 6. HP: 24/51 MP: 5/5
  2196 | Sewer    | Reached skill level 8 in Ranged Weapons
  2354 | D:1      | Bought a potion of heal wounds for 65 gold pieces
  2354 | D:1      | Bought a potion of curing for 39 gold pieces
  2721 | D:3      | Found a basalt altar of Yredelemnul.
  2875 | D:3      | Found a sparkling altar of Nemelex Xobeh.
  2928 | D:3      | Found a hazy altar of Hepliaklqana.
  3364 | D:4      | Found a sacrificial altar of Ru.
  4115 | D:1      | Bought 2 potions of lignification for 78 gold pieces
  4115 | D:1      | Bought a potion of flight for 39 gold pieces
  4115 | D:1      | Bought a potion of curing for 39 gold pieces
  4219 | D:5      | Entered Level 5 of the Dungeon
  4219 | D:5      | Noticed Edmund
  4243 | D:5      | Killed Edmund
  4244 | D:5      | Reached skill level 9 in Ranged Weapons
  4244 | D:5      | Reached XP level 7. HP: 33/57 MP: 6/6
  4468 | D:5      | Noticed Sigmund
  4487 | D:5      | Killed Sigmund
  4488 | D:5      | Reached skill level 10 in Ranged Weapons
  4766 | D:5      | Reached skill level 11 in Ranged Weapons
  4766 | D:5      | Reached XP level 8. HP: 47/63 MP: 7/7
  5021 | D:5      | Noticed Pikel
  5045 | D:5      | Killed Pikel
  5046 | D:5      | Reached skill level 12 in Ranged Weapons
  5361 | D:5      | Noticed Ijyb
  5372 | D:5      | Paralysed by Ijyb for 5 turns
  5378 | D:5      | Killed Ijyb
  5808 | D:5      | Found a runed translucent door.
  5809 | D:5      | Noticed Crazy Yiuf
  5941 | D:6      | Reached skill level 13 in Ranged Weapons
  6017 | D:6      | Found a runed translucent door.
  6127 | D:6      | Reached XP level 9. HP: 42/69 MP: 8/8
  6367 | D:6      | Identified the +5 trident "Killer Klown's Curse" {elec, rC+
                  | rN+ Str+5 Dex+4}
  6626 | D:6      | Identified the +7 dagger "Caryul" {venom, rC+ MP+9}
  6880 | D:6      | Noticed TheGhostDragon952's ghost (amateur MiFi)
  6972 | D:7      | Reached skill level 14 in Ranged Weapons
  7494 | D:7      | Found a runed translucent gate.
  7494 | D:7      | Found a runed translucent gate.
  7494 | D:7      | Found a runed translucent gate.
  7811 | D:7      | Identified the ring of Neorghene {rPois rC+ Will- rCorr
                  | Str+4}
  7935 | D:7      | Noticed Dowan
  7938 | D:7      | Noticed Duvessa
  7940 | D:7      | Noticed Menkaure
  7943 | D:7      | Killed Dowan
  7976 | D:7      | Killed Duvessa
  7977 | D:7      | Reached skill level 15 in Ranged Weapons
  7990 | D:7      | Mangled by Menkaure

Illustrated notes

Levels and vault maps discovered:
D:1:      dpeg_arrival_tiny_j, layout_basic, serial_shops,
          nicolae_shop_window_shopping
D:2:      layout_loops_ring, hellmonk_ecumenical_altar_leap_of_faith,
          minmay_pentomino_r4
D:3:      layout_loops_ring, mainiacjoe_overflow_alcove_1,
          mainiacjoe_overflow_alcove_2, mainiacjoe_overflow_alcove_4,
          gup_sewer_entry_glass, minmay_door_square
D:4:      layout_basic, nicolae_ru_great_annihilating_truth,
          minmay_misc_feat_doors
D:5:      layout_basic, minmay_misc_feat_pillars, uniq_sigmund, uniq_ijyb,
          uniq_edmund, uniq_pikel, uniq_crazy_yiuf_cottage
D:6:      layout_loops_ring, ebering_ghost_sewer_d
D:7:      layout_loops_corners, minmay_temple_entry_waves, gammafunk_ghost_icy,
          uniq_menkaure, uniq_duvessa

Skill      XL: |  1  2  3  4  5  6  7  8  9 |
---------------+----------------------------+-----
Fighting       | 3 |  3.0
Ranged Weapons | 5 6 7 9 11 13 15 | 15.0
Dodging        | |  2.1
Stealth        | |  0.7

Action                   |  1- 3 |  4- 6 |  7- 9 || total
-------------------------+-------+-------+-------++-------
 Fire: Shortbow          |   109 |   227 |   383 ||   719
  Use: Potion            |       |     2 |     5 ||     7
       Scroll            |       |       |     7 ||     7
Armor: Leather armour    |    20 |    23 |    22 ||    65
       Skin              |       |       |    23 ||    23
Dodge: Dodged            |    50 |    68 |    78 ||   196
